Map: Abiogenesis LE

Players

TheEternal - Winner!

  • Race: Zerg Zerg
  • League: Platinum
  • Spawn Location: 11:00

A.I. 1 (Very Easy)

  • Race: Protoss Protoss
  • Spawn Location: 5:00

VOD

Have the link to the VOD?

Description

Time

  • Played on: March 25, 2018, 6:45 p.m.
  • Length: 11:13
Show
View Real Time Build Order
Export as new Build Order

TheEternal Zerg - Winner!

Build Orders: Hatch First 

Get SALT Encoding   

  12  0:01  Drone  
  13  0:13  Overlord  
  13  0:18  Drone  
  14  0:31  Drone x2  
  16  0:39  Drone  
  17  0:46  Drone  
  18  1:01  Hatchery  
  17  1:11  Spawning Pool  
  16  1:14  Drone  
  16  1:17  Drone  
  18  1:20  Drone  
  18  1:23  Extractor  
  18  1:34  Drone  
  19  1:48  Hatchery  
  18  1:56  Drone  
  18  1:59  Zergling x2  
  20  2:04  Queen  
  22  2:16  Queen  
  24  2:23  Metabolic Boost  
  24  2:30  Drone x2  
  24  2:34  Overlord  
  26  2:40  Drone  
  27  2:44  Overlord  
  27  2:48  Drone  
  28  2:56  Drone x2  
  28  2:57  Drone  
  31  3:09  Roach Warren  
  30  3:15  Drone  
  30  3:16  Drone x2  
  33  3:22  Drone  
  33  3:23  Drone x2  
  33  3:26  Drone  
  38  3:27  Drone  
  38  3:30  Drone  
  38  3:32  Drone  
  40  3:34  Drone  
  41  3:41  Drone  
  41  3:42  Drone  
  41  3:45  Extractor  
  41  3:47  Lair  
  41  4:06  Overlord  
  41  4:07  Overlord  
  41  4:11  Queen  
  41  4:13  Roach x3  
  41  4:16  Overlord x2  
  49  4:36  Roach  
  49  4:37  Roach x5  
  61  4:40  Queen  
  63  4:47  Burrow  
  63  4:57  Drone  
  64  5:01  Drone x2  
  66  5:09  Hydralisk Den  
  66  5:12  Spore Crawler, Drone  
  66  5:13  Drone x10  
  66  5:14  Spore Crawler  
  74  5:16  Glial Reconstitution  
  74  5:22  Extractor  
  74  5:24  Extractor  
  72  5:48  Muscular Augments  
  72  6:07  Hydralisk x2  
  72  6:11  Roach  
  78  6:15  Overlord  
  78  6:25  Queen  
  80  6:32  Hydralisk x5  
  90  6:43  Overseer  
  90  6:45  Overlord  
  90  6:46  Overlord x5  
  90  7:00  Grooved Spines  
  90  7:02  Overseer  
  90  7:05  Roach x6  
  90  7:06  Roach x5  
  112  7:09  Hatchery, Overseer  
  111  7:18  Pneumatized Carapace  
  111  7:29  Drone x9  
  120  7:38  Drone x2  
  122  7:46  Drone x2  
  124  7:54  Extractor x2  
  124  7:56  Queen  
  124  8:04  Hydralisk  
  124  8:05  Hydralisk x6  
  130  8:07  Overlord  
  130  8:08  Overlord  
  138  8:18  Infestation Pit  
  137  8:21  Roach x3  
  137  8:23  Overlord  
  137  8:24  Overlord  
  143  8:31  Queen  
  145  8:40  Overseer  
  145  8:49  Zergling x28  
  159  9:00  Roach x6  
  171  9:07  Hive  
  170  9:57  Overlord  
  170  9:58  Overlord x3  
  170  10:03  Drone x5  
  170  10:04  Overlord x4  
  170  10:05  Overlord x2  
  175  10:19  Ravager  
  176  10:26  Evolution Chamber  
  175  10:29  Evolution Chamber  
  175  10:34  Evolution Chamber  
  171  11:02  Ultralisk Cavern  
Show
View Real Time Build Order
Export as new Build Order

A.I. 1 (Very Easy) Protoss 

Build Orders:  

Get SALT Encoding   

  12  0:00  Probe  
  13  0:13  Probe  
  14  0:19  Pylon  
  14  0:36  Assimilator  
  14  0:42  Gateway  
  14  0:46  Pylon  
  14  1:15  Assimilator  
  14  1:16  Probe  
  14  1:24  Probe  
  15  1:32  Probe, Cybernetics Core  
  17  1:43  Probe  
  18  1:54  Probe  
  18  1:59  Warp Gate  
  19  2:02  Probe  
  20  2:10  Stalker  
  22  5:09  Probe  
  22  5:17  Probe  
  22  5:19  Zealot  
  24  5:21  Pylon  
  24  5:22  Robotics Facility  
  24  5:25  Probe  
  26  5:36  Probe  
  25  5:48  Probe  
  26  5:51  Pylon  
  26  6:00  Probe  
  27  6:08  Probe  
  27  6:10  Observer  
  28  6:13  Zealot  
  31  6:31  Observer  
  32  7:05  Nexus  
  32  7:07  Stalker  
  34  8:16  Probe  
  35  8:24  Probe  
  35  8:25  Assimilator  
  36  8:29  Probe, Assimilator  
  37  8:36  Probe  
  38  8:47  Probe  
  39  8:54  Probe  
  40  9:01  Probe  
  41  9:07  Zealot, Probe  
  41  9:09  Observer  
  38  9:16  Probe  
  39  9:19  Probe  
  40  9:30  Probe  
  41  9:32  Immortal  
  32  9:44  Probe  
  26  9:57  Probe  
  27  10:04  Zealot  
  28  10:09  Probe  
  29  10:21  Probe  
  30  10:33  Probe  
  35  10:37  Pylon  
  35  10:45  Probe  
  28  10:50  Robotics Bay  
  28  10:52  Pylon  
  25  11:00  Gateway  
Tags
 
League
Platinum
Matchup
PvZ
Spawn Locations
Cross Positions
Add a new tag
Caveats
  • Supply blocks, unpowered buildings, or Contaminate may cause inaccurate times.
  • Supply counts are checked every 10 seconds.